 Dungeon Crawl Stone Soup version 0.27-a0-828-g8289197e94 (webtiles) character file.

Game seed: 18066023132250168966

157 polve the Changer (level 5, -10/40 HPs)
             Began as a Draconian Transmuter on Mar 30, 2021.
             Engulfed by a cloud of flame (24 damage)
             ... on level 3 of the Dungeon.
             The game lasted 00:03:13 (4097 turns).

polve the Changer (Draconian Transmuter)            Turns: 4097, Time: 00:03:14

Health: -10/40     AC:  5    Str: 12    XL:     5   Next: 15%
Magic:  17/17      EV: 12    Int: 15    God:
Gold:   128        SH:  0    Dex: 11    Spells: 2/8 levels left

rFire    . . .     SeeInvis .     - Unarmed
rCold    . . .     Faith    .   (no shield)
rNeg     . . .     Spirit   .   (armour unavailable)
rPois    .         Reflect  .   (helmet restricted)
rElec    .         Harm     .   (no cloak)
rCorr    .         Rampage  .   (no gloves)
Will     .....                  (no boots)
Stlth    +.........             (no amulet)
HPRegen  0.13/turn              d - ring of magical power
MPRegen  0.15/turn              (no ring)

@: no status effects
A: AC +5, unfitting armour, cold-blooded
a: no special abilities


You were on level 3 of the Dungeon.
You visited 1 branch of the dungeon, and saw 3 of its levels.

You collected 128 gold pieces.

Inventory:

Jewellery
 d - a ring of magical power (left hand)
Scrolls
 a - 4 scrolls of identify {unknown}
 b - 2 scrolls of amnesia {unknown}
 e - a scroll of enchant weapon {unknown}
 h - 2 scrolls of teleportation {unknown}
 n - a scroll of magic mapping {unknown}
Potions
 c - a potion of degeneration {unknown}
 f - a potion of attraction {unknown}
 g - a potion of invisibility {unknown}
 i - a potion of ambrosia {unknown}
 j - a potion of curing {unknown}
 k - a potion of lignification {unknown}
 l - a potion of brilliance {unknown}
 m - a potion of mutation {unknown}
 o - a potion of berserk rage {unknown}


   Skills:
 - Level 1.1 Fighting
 - Level 1.7 Dodging
 - Level 3.0 Unarmed Combat
 - Level 2.0 Spellcasting
 + Level 5.4 Transmutations


You had 2 spell levels left.
You knew the following spells:

 Your Spells              Type           Power      Damage    Failure   Level
a - Beastly Appendage     Tmut           34%        N/A       2%          1
b - Blink                 Tloc           N/A        N/A       32%         2
c - Spider Form           Tmut/Pois      4%         N/A       22%         3

Your spell library contained the following spells:

 Spells                   Type           Power      Damage    Failure   Level
 Wereblood                Tmut           17%        N/A       3%          2
 Magic Dart               Conj           4%         1d3       22%         1
 Call Imp                 Summ           1%         N/A       32%         2
 Slow                     Hex            1%         N/A       32%         2
 Conjure Flame            Conj/Fire      1%         6-21      54%         3
 Mephitic Cloud           Conj/Pois/Air  1%         N/A       54%         3
 Hydra Form               Tmut           8%         N/A       54%         5
 Ice Form                 Ice/Tmut       9%         N/A       58%         4


Dungeon Overview and Level Annotations

Branches:
Dungeon (3/15)

Altars:
Elyvilon
Kikubaaqudgha
Ru
Vehumet
Zin
The Shining One


Innate Abilities, Weirdness & Mutations

Your plain brown scales are hard. (AC +5)
You cannot fit into any form of body armour.
You are cold-blooded and may be slowed by cold attacks.


Message History

No target in view!
No target in view!
No target in view!
No target in view!
No target in view!
No target in view!
Things that are here:
a +0 dagger; a goblin corpse Your transformation is almost over.
You see here a +0 hunting sling.
Your horns disappear.
Your talons disappear.
You see here a hobgoblin corpse.
There is an escape hatch in the ceiling here.
There is a stone staircase leading down here.
You open the gate.
Found three altars.
There is an open gate here.
There is a stone staircase leading down here.
Partly explored, can't reach some items.
Partly explored, can't reach some items.
Partly explored, can't reach some items.
Partly explored, can't reach some items.
Partly explored, can't reach some items.
Really walk into a travel-excluded area?
You now have 117 gold pieces (gained 13).
You are engulfed in blazing flames.
You're in a travel-excluded area, stopping explore.
You start resting.
HP restored.
You are engulfed in blazing flames.
Ouch! That really hurt!
You start resting.
HP restored.
Really walk into that cloud of flame?
You are engulfed in blazing flames.
Ouch! That really hurt!
You now have 128 gold pieces (gained 11).
You are engulfed in blazing flames.
Ouch! That really hurt!
You die...

######## ## #....§.# >#
#.°....####### .#####
#.○○.@.......# .....#
#.○.§........#
...#.#######............#
##.#.#.......#..........#
........................#
....#.......<...........#
....##......##..........#
#....)......#......######
....####............####


There were no monsters in sight!

Vanquished Creatures
  Ijyb (D:3)
  5 adders
  3 dart slugs (D:1)
  An orc (D:3)
  7 ball pythons
  5 bats
  8 endoplasms
  4 giant cockroaches
  2 goblins
  9 hobgoblins
  11 jackals
  3 quokkas
  5 frilled lizards
  5 kobolds
  3 rats
72 creatures vanquished.

Notes
Turn   | Place    | Note
-------+----------+-------------------------------------------
     0 | D:1      | polve the Draconian Transmuter began the quest for the Orb.
     0 | D:1      | Reached XP level 1. HP: 16/16 MP: 3/3
   299 | D:1      | Reached XP level 2. HP: 22/23 MP: 5/5
   350 | D:1      | Reached skill level 3 in Transmutations
   620 | D:1      | Reached XP level 3. HP: 15/28 MP: 6/6
  1626 | D:2      | Reached skill level 4 in Transmutations
  2136 | D:2      | Reached XP level 4. HP: 21/35 MP: 7/7
  2774 | D:3      | Found a radiant altar of Vehumet.
  2794 | D:3      | Learned a level 2 spell: Blink
  2798 | D:3      | Learned a level 3 spell: Spider Form
  3153 | D:3      | Found an ancient bone altar of Kikubaaqudgha.
  3153 | D:3      | Found a sacrificial altar of Ru.
  3180 | D:3      | Noticed Ijyb
  3186 | D:3      | Paralysed by Ijyb for 3 turns
  3214 | D:2      | Reached skill level 5 in Transmutations
  3387 | D:3      | Paralysed by Ijyb for 2 turns
  3397 | D:3      | Killed Ijyb
  3398 | D:3      | Reached XP level 5. HP: 29/40 MP: 8/8
  3767 | D:3      | Found a glowing golden altar of the Shining One.
  3767 | D:3      | Found a white marble altar of Elyvilon.
  3767 | D:3      | Found a glowing silver altar of Zin.
  4097 | D:3      | Engulfed by a cloud of flame

Illustrated notes

Levels and vault maps discovered:
D:1:      matt_arrival_diagonals, layout_basic, serial_forest,
          infiniplex_forest_end_2, infiniplex_forest_end_3,
          infiniplex_forest_lined_3, infiniplex_forest_end_1,
          infiniplex_forest_clump_long, infiniplex_forest_lined_room_2,
          palyth_stone_intersect, chequers_big_river
D:2:      wander_river, layout_loops_cross
D:3:      layout_rooms, good_gods_mini_temple, fiery_altar_vehumet,
          gammafunk_temple_overflow_elements, minmay_pentomino_pile, uniq_ijyb

Skill      XL: |  1  2  3  4 |
---------------+-------------+-----
Transmutations | 3 4 5 |  5.4
Fighting       | |  1.1
Dodging        | |  1.7
Unarmed Combat | |  3.0
Spellcasting   | |  2.0

Action                   |  1- 3 |  4- 6 || total
-------------------------+-------+-------++-------
Melee: Unarmed           |   132 |    86 ||   218
       Long sword        |     6 |       ||     6
       Tailslap          |    12 |     6 ||    18
       Headbutt          |    10 |    10 ||    20
       Kick              |    17 |     8 ||    25
       Punch             |     2 |       ||     2
 Cast: Beastly Appendage |    16 |    18 ||    34
 Stab: Sleeping          |     1 |       ||     1
Armor: Skin              |    41 |    29 ||    70
Dodge: Dodged            |    89 |    61 ||   150
       Rpst.: Long sword |     3 |       ||     3

Table legend: (Time is in decaauts)
 A = Elapsed time spent in this place.
 B = Non-inter-level travel time spent in this place.
 C = Inter-level travel time spent in this place.
 D = Time resting spent in this place.
 E = Time spent auto-exploring this place.
 F = Levels seen in this place.
 G = Mean time per level.
                   A        B        C        D        E       F      G
               +--------+--------+--------+--------+--------+-----+--------+
         Total |   4119 |   4033 |     86 |    284 |   3210 |   3 | 1373.0 |
       Dungeon |   4119 |   4033 |     86 |    284 |   3210 |   3 | 1373.0 |
               +--------+--------+--------+--------+--------+-----+--------+

Top non-repeatable levels by time:
     D:1: 1593 daAuts
     D:2: 1369 daAuts
     D:3: 1156 daAuts
